 Dungeon Crawl Stone Soup version 0.22.1-2-g9c5b331383 (webtiles) character file.

54 Jerry the Chopper (level 3, -5/28 (30) HPs)
             Began as a Ghoul Gladiator on Nov 23, 2018.
             Killed from afar by Sigmund (8 damage)
             ... with a magic dart
             ... on level 2 of the Dungeon.
             The game lasted 00:03:01 (1107 turns).

Jerry the Chopper (Ghoul Gladiator)                 Turns: 1107, Time: 00:03:02

HP:   -5/28 (30)    AC:  4    Str: 18    XL:     3   Next: 91%
MP:   2/2           EV: 18    Int:  3    God:
Gold: 75            SH:  0    Dex: 15    Spells: 2/2 levels left

rFire    . . .     SeeInvis .   a - +0 war axe
rCold    + . .     Gourm    .   (no shield)
rNeg     + + +     Faith    .   b - +0 leather armour
rPois    ∞         Spirit   .   c - +0 helmet
rElec    .         Reflect  .   (no cloak)
rCorr    .         Harm     .   (no gloves)
MR       .....                  (no boots)
Stlth    +++.......             (no amulet)
HPRegen  0.00/turn              (no ring)
MPRegen  0.08/turn              (no ring)

@: agile, flying, rotting
A: rotting body, claws 1, carnivore, cold resistance 1, negative energy
resistance 3, inhibited regeneration, torment resistance, unbreathing
a: no special abilities


You were on level 2 of the Dungeon.
You were not hungry.

You visited 1 branch of the dungeon, and saw 2 of its levels.

You collected 75 gold pieces.

Inventory:

Hand Weapons
 a - a +0 war axe (weapon)
Missiles
 d - 3 throwing nets (quivered)
Armour
 b - a +0 leather armour (worn)
 c - a +0 helmet (worn)
Scrolls
 i - 4 scrolls of identify {unknown}
 j - a scroll of fear {unknown}
 k - a scroll of remove curse {unknown}
 l - 3 scrolls of enchant weapon {unknown}
Potions
 m - a potion of curing {unknown}
Comestibles
 f - 4 rations
 g - 3 chunks of flesh


   Skills:
 + Level 2.8 Fighting
 * Level 3.3 Axes
 - Level 1.7 Throwing
 + Level 1.1 Armour
 - Level 2.6 Dodging
 + Level 1.5 Stealth


You had 2 spell levels left.
You didn't know any spells.
Your spell library was empty.

Dungeon Overview and Level Annotations

Branches:
Dungeon (2/15)

Altars:

Annotations:
D:2 Sigmund


Innate Abilities, Weirdness & Mutations

Your body is rotting away.
You thrive on raw meat.
You are immune to poison.
You have sharp fingernails.
You are carnivorous and can eat meat at any time.
Your flesh is cold resistant. (rC+)
You are immune to negative energy. (rN+++)
You do not regenerate when monsters are visible.
You are immune to unholy pain and torment.
You can survive without breathing.


Message History

The hobgoblin misses you. Sigmund misses you.
You closely miss the hobgoblin.
The hobgoblin is almost dead.
The hobgoblin barely misses you.
Sigmund hits you from afar with a scythe!
* * * LOW HITPOINT WARNING * * *
You barely miss the hobgoblin.
The hobgoblin is almost dead.
The hobgoblin closely misses you.
You're too confused to move!
The hobgoblin closely misses you. Sigmund misses you.
You feel less confused. The hobgoblin closely misses you.
Sigmund hits you but does no damage.
You see here a frilled lizard corpse.
You slash the hobgoblin!
You kill the hobgoblin!
Sigmund points at you and mumbles some strange words.
The magic dart hits you!
You die...

........ ..#.## .......#
#.## .......' .. ...
.....#### ##..#####
#......# ......... #....?.#
.. .#.###.. #####...@..#
... #.#
........†..###....#. #.#
#........@..'......#.###.#
##...........##............
..........$†.# ....#.###.#
#...........##...........#
#.....##.#####....##.#...#
##.....##.# #...(##.#...#
..........# ....<......#
##..##..### .#.........#
.(......## #.........#


You could see Sigmund.

Vanquished Creatures
  2 dart slugs
  2 leopard geckos
  5 goblins (D:1)
  8 hobgoblins
  3 jackals (D:1)
  3 kobolds (D:1)
  3 bats (D:2)
  4 frilled lizards
  19 rats
49 creatures vanquished.

Notes
Turn   | Place    | Note
-------+----------+-------------------------------------------
     0 | D:1      | Jerry the Ghoul Gladiator began the quest for the Orb.
     0 | D:1      | Reached XP level 1. HP: 17/17 MP: 0/0
   117 | D:1      | Reached XP level 2. HP: 22/25 MP: 1/1
   145 | D:1      | Reached skill level 3 in Axes
   274 | D:1      | Reached skill level 1 in Stealth
   378 | D:1      | Reached XP level 3. HP: 30/30 MP: 2/2
   497 | D:1      | Reached skill level 1 in Armour
  1080 | D:2      | Noticed Sigmund
  1107 | D:2      | Killed from afar by Sigmund

Skill      XL: |  1  2  3 |
---------------+----------+-----
Axes           | 3 |  3.3
Stealth        | 1 |  1.5
Armour         | 1 |  1.1
Fighting       | |  2.8
Throwing       | |  1.7
Dodging        | |  2.6

Action                   || total
-------------------------++-------
Melee: War axe           ||   135
  Use: Potion            ||     2
 Stab: Sleeping          ||     2
  Eat: Chunk             ||     9
Armor: Leather armour    ||    37
Dodge: Dodged            ||   147
